 Dungeon Crawl Stone Soup version 0.28.0 (webtiles) character file.

Game seed: 17819172309879956938

10 Host24 the Bolt Thrower (level 2, 0/19 HPs)
             Began as a Kobold Hunter on Feb 5, 2022.
             Slain by a kobold (2 damage)
             ... on level 1 of the Dungeon.
             The game lasted 00:01:26 (520 turns).

Host24 the Bolt Thrower (Kobold Hunter)              Turns: 520, Time: 00:01:27

Health: 0/19       AC:  3    Str:  9    XL:     2   Next: 30%
Magic:  2/2        EV: 14    Int: 12    God:
Gold:   15         SH:  0    Dex: 15    Spells: 1/1 levels left

rFire   . . .      SeeInvis .   b - +0 short sword
rCold   . . .      Faith    .   (no shield)
rNeg    . . .      Spirit   .   c - +0 leather armour
rPois   .          Reflect  .   (no helmet)
rElec   .          Harm     .   (no cloak)
rCorr   .          Rampage  .   (no gloves)
Will    .....                   (no boots)
Stlth   +++.......              (no amulet)
HPRegen 0.06/turn               (no ring)
MPRegen 0.08/turn               (no ring)

@: no status effects
A: small, no large weapons, nightstalker 3
a: no special abilities


You were on level 1 of the Dungeon.
You visited 1 branch of the dungeon, and saw 1 of its levels.

You collected 15 gold pieces.

Inventory:

Hand Weapons
 a - a +1 hand crossbow
 b - a +0 short sword (weapon)
Missiles
 d - 20 bolts
 j - 44 stones (quivered)
 k - 2 large rocks
Armour
 c - a +0 leather armour (worn)
Scrolls
 e - a scroll of enchant weapon {unknown}
 g - a scroll of identify {unknown}
 h - a scroll of torment {unknown}
Potions
 f - a potion of lignification {unknown}
 i - a potion of berserk rage {unknown}


   Skills:
 + Level 3.0 Fighting
 - Level 5.0 Crossbows
 - Level 2.4 Dodging
 - Level 1.3 Stealth


You had one spell level left.
You didn't know any spells.
Your spell library was empty.

Dungeon Overview and Level Annotations

Branches:
Dungeon (1/15)

Altars:


Innate Abilities, Weirdness & Mutations

You are small and have problems with some larger weapons.
You are completely attuned to the shadows.


Message History

The kobold closely misses you.
You hit the kobold.
You kill the kobold!
The ball python misses you. The ball python closely misses you.
You hit the ball python but do no damage.
The ball python closely misses you. The ball python misses you.
The ball python bites you. The ball python grabs you.
The ball python constricts you.
You closely miss the ball python. The ball python bites you.
The ball python constricts you. The kobold closely misses you.
You closely miss the ball python. The ball python closely misses you.
The ball python constricts you. The kobold hits you with a +0 whip.
You hit the ball python.
The ball python is moderately wounded.
The ball python bites you but does no damage.
The ball python constricts you. The kobold hits you with a +0 whip.
The ball python completely misses you. The ball python constricts you.
You closely miss the ball python.
The ball python is moderately wounded.
The ball python bites you. The ball python constricts you.
The kobold misses you.
You barely miss the ball python.
The ball python is moderately wounded.
The ball python barely misses you. The ball python constricts you.
The kobold completely misses you.
You closely miss the ball python.
The ball python is moderately wounded.
The ball python bites you.
* * * LOW HITPOINT WARNING * * *
The ball python constricts you. The kobold hits you with a +0 whip.
* * * LOW HITPOINT WARNING * * *
The ball python barely misses you. The ball python constricts you.
You hit the ball python.
You kill the ball python!
The kobold barely misses you.
Your Fighting skill increases to level 3!
The kobold barely misses you.
You see here a ball python corpse.
The kobold hits you with a +0 whip.
You die...

##.#
#.##########.#.#######.#.#
##.# #.# #.#.# #.#.# ##.#
#.##### # #.# #####.#.#
##.# #.....# ... ......#.#
##.# #####.#.......
......... .#.# #.#.......
........# .#.# #.#.......
######### .#.# #.#.......
.#.#########.#..@....
.............#..†K....#
##.###########...)....#..
....... #...........
.#..... #...........
.#..... #....>......
.#..... #.###..†....
.#..... # #...+>...... .#
#.#####.......


You could see a kobold.

Vanquished Creatures
  3 endoplasms (D:1)
  A goblin (D:1)
  A quokka (D:1)
  A ball python (D:1)
  A bat (D:1)
  A kobold (D:1)
  2 rats (D:1)
10 creatures vanquished.

Notes
Turn   | Place    | Note
-------+----------+-------------------------------------------
     0 | D:1      | Host24 the Kobold Hunter began the quest for the Orb.
     0 | D:1      | Reached XP level 1. HP: 12/12 MP: 1/1
    89 | D:1      | Reached skill level 5 in Crossbows
   349 | D:1      | Reached XP level 2. HP: 16/18 MP: 2/2
   520 | D:1      | Slain by a kobold

Illustrated notes

Levels and vault maps discovered:
D:1:      beargit_arrival_greenhouse, layout_basic,
          shapermc_ecumenical_altar_mp_vishouse

Skill      XL: |  1  2 |
---------------+-------+-----
Crossbows      | 5 |  5.0
Fighting       | 3 |  3.0
Dodging        | |  2.4
Stealth        | |  1.3

Action                   || total
-------------------------++-------
Melee: Short sword       ||    28
 Stab: Sleeping          ||     3
Armor: Leather armour    ||     4
Dodge: Dodged            ||    21
